 Dungeon Crawl Stone Soup version 0.32-a0-612-g1c984fe9d1 (webtiles) character file.

Game seed: 12385573632966074037

4586 miscthings the Toxicologist (level 10, -6/63 HPs)
             Began as a Coglin Alchemist on Mar 5, 2024.
             Was an Initiate of Gozag.
             Mangled by a troll (7 damage)
             ... on level 9 of the Dungeon.
             The game lasted 00:19:48 (6945 turns).

miscthings the Toxicologist (Coglin Alchemist)      Turns: 6945, Time: 00:19:48

Health: -6/63      AC: 10    Str: 10    XL:     10   Next: 41%
Magic:  17/17      EV: 10    Int: 22    God:    Gozag
Gold:   802        SH:  0    Dex: 18    Spells: 5/19 levels left

rFire   . . .        v - +3 sling "Goblin's Curse" {freeze, rN+ Stlth+}
rCold   + . .        A - +5 sling of Evolution {elec, Int+5 Stlth+}
rNeg    + . .        F - +5 ring mail "Ridwith" {rC+ Dex+3}
rPois   .            (helmet restricted)
rElec   .            (no cloak)
rCorr   .            (no gloves)
SInv    .            (no boots)
Will    .....        (amulet unavailable)
Stlth   +++          (ring unavailable)
HPRegen 0.30/turn    (ring unavailable)
MPRegen 0.15/turn    (no gizmo)

%: clarity
@: revved
A: off-hand wielding, slow wielding, warmup strikes, no jewellery, horns 1,
clarity, subdued magic 1, inability to drink after injury 1
a: Invent Gizmo, Renounce Religion, Potion Petition, Call Merchant, Bribe Branch


You were on level 9 of the Dungeon.
You worshipped Gozag.
Gozag was pleased with you.
You visited 2 branches of the dungeon, and saw 10 of its levels.
You also visited: Sewer and Ossuary.

You collected 1229 gold pieces.
You spent 350 gold pieces at shops.
You paid 77 gold pieces to Gozag.

Inventory:

Hand Weapons
 f - a +0 dagger of holy wrath {Iwao}
 v - the +3 sling "Goblin's Curse" (weapon) {freeze, rN+ Stlth+}
   (You bought it in a shop on level 6 of the Dungeon)

   rN+:       It protects you from negative energy.
   Stlth+:    It makes you more stealthy.
 A - the +5 sling of Evolution (offhand) {elec, Int+5 Stlth+}
   (You bought it in a shop on level 6 of the Dungeon)

   Int+5:     It affects your intelligence (+5).
   Stlth+:    It makes you more stealthy.
Armour
 a - a +1 robe
 x - a +0 buckler
 F - the +5 ring mail "Ridwith" (worn) {rC+ Dex+3}
   (You found it on level 7 of the Dungeon)

   Dex+3:     It affects your dexterity (+3).
   rC+:       It protects you from cold.
Magical Staves
 H - a staff of death
Wands
 e - a wand of acid (8)
 h - a wand of charming (8)
 w - a wand of polymorph (7)
 D - a wand of roots (11)
 G - a wand of flame (13)
Scrolls
 d - a scroll of acquirement {unknown}
 g - a scroll of enchant armour
 j - a scroll of vulnerability
 l - 3 scrolls of enchant weapon {unknown}
 n - 6 scrolls of teleportation
 p - a scroll of revelation
 r - 2 scrolls of fear
 s - a scroll of brand weapon {unknown}
 u - a scroll of immolation {unknown}
 y - a scroll of noise {unknown}
 B - a scroll of amnesia {unknown}
 C - 2 scrolls of blinking
Potions
 b - 3 potions of magic
 c - a potion of might
 i - a potion of berserk rage
 k - 4 potions of heal wounds
 m - 3 potions of cancellation
 o - a potion of invisibility
 q - a potion of ambrosia
 t - 5 potions of curing
 z - 2 potions of mutation
 E - a potion of brilliance
 I - a potion of resistance {unknown}


   Skills:
 + Level 8.3 Ranged Weapons
 - Level 1.7 Dodging
 - Level 1.5 Stealth
 - Level 5.0 Spellcasting
 - Level 5.0 Conjurations
 - Level 2.0 Air Magic
 - Level 10.0 Alchemy


You had 5 spell levels left.
You knew the following spells:

 Your Spells              Type           Power      Damage    Failure   Level
a - Sting                 Conj/Alch      100%       1d9       1%          1
b - Mercury Vapours       Alch/Air       48%        N/A       2%          2
c - Mephitic Cloud        Conj/Alch/Air  23%        N/A       6%          3
d - Sticky Flame          Fire/Alch      21%        2d6       28%         4
z - Olgreb's Toxic Radia  Alch           38%        N/A       3%          4

Your spell library contained the following spells:

 Spells                   Type           Power      Damage    Failure   Level
 Shock                    Conj/Air       64%        1d7       4%          1
 Apportation              Tloc           8%         N/A       22%         1
 Necrotise                Necr           16%        1d4       22%         1
 Summon Small Mammal      Summ           16%        N/A       22%         1
 Leda's Liquefaction      Alch/Erth      10%        N/A       28%         4
 Swiftness                Air            11%        N/A       30%         3
 Vampiric Draining        Necr           4%         2d6       56%         3
 Brom's Barrelling Bould  Conj/Erth      12%        2d4       63%         4
 Iskenderun's Battlesphe  Conj           21%        2d7       63%         5
 Airstrike                Air            5%         2d(1-17)  71%         4
 Martyr's Knell           Necr/Summ      4%         N/A       93%         4
 Fireball                 Conj/Fire      6%         3d5       93%         5
 Freezing Cloud           Conj/Ice/Air   6%         6-21      95%         5
 Curse of Agony           Necr           4%         N/A       100%        5
 Conjure Ball Lightning   Conj/Air       8%         3x3d6     100%        6
 Orb of Destruction       Conj           10%        9d6       100%        7
 Fire Storm               Conj/Fire      6%         8d2       100%        9


Dungeon Overview and Level Annotations

Branches:
Dungeon (9/15)             Temple (1/1) D:5           Sewer (visited)
Ossuary (visited)
   Lair: D:8-11         Orc: D:9-12

Altars:
Ashenzari
Cheibriados
Dithmenos
Elyvilon
Fedhas
Gozag
Hepliaklqana
Kikubaaqudgha
Makhleb
Nemelex Xobeh
Okawaru
Qazlal
Ru
Sif Muna
Trog
Uskayaw
Vehumet
Wu Jian
Yredelemnul
Zin
The Shining One

Shops:
D:6 (


Innate Abilities, Weirdness & Mutations

You can wield a second weapon in your off-hand.
It takes a long time for you to wield or remove held weapons.
Your first few attacks do less damage.
You cannot equip rings or amulets.
You have a pair of small horns on your head.
You possess an exceptional clarity of mind.
Your spells are a little easier to cast, but a little less powerful.
You occasionally lose the ability to drink potions when taking damage.


Message History

The troll closely misses you.
You shoot a sling bullet. The sling bullet hits the troll.
The sling bullet freezes the troll.
The troll is moderately wounded.
You shoot a sling bullet.
The sling bullet closely misses the troll.
The troll closely misses you. The troll misses you. The troll claws you.
You shoot a sling bullet. The sling bullet hits the troll!
Lightning courses through the troll!
The troll is almost dead.
You shoot a sling bullet.
The sling bullet closely misses the troll.
The troll bites you! The troll claws you! x2
You are too injured to fight recklessly!
You are too injured to fight recklessly!
Fire: v) +3 sling "Goblin's Curse" {freeze, rN+ Stlth+}
Press: ? - help, Q - select action, (/) - cycle Shift-Dir - straight line, f/p - troll
Aim: a troll (almost dead, 66% to hit)
You shoot a sling bullet.
The sling bullet barely misses the troll.
You shoot a sling bullet. The sling bullet hits the troll.
The sling bullet freezes the troll.
The troll is almost dead.
The troll bites you but does no damage. The troll barely misses you.
The troll claws you.
Fire: v) +3 sling "Goblin's Curse" {freeze, rN+ Stlth+}
Press: ? - help, Q - select action, (/) - cycle Shift-Dir - straight line, f/p - troll
Aim: a troll (almost dead, 66% to hit)
You shoot a sling bullet.
The sling bullet hits the troll but does no damage.
The troll is almost dead.
You shoot a sling bullet.
The sling bullet barely misses the troll.
The troll bites you!
* * * LOW HITPOINT WARNING * * *
The troll claws you!
* * * LOW HITPOINT WARNING * * *
The troll claws you but does no damage. The troll bites you!
You die...
Your body crumbles into a pile of gold.

##+######
#.......#
#.......#
#.......#
#.......#
#....T..#
+....@..#
#.......#
#.......#
###+#####


You could see a troll.

Vanquished Creatures
  A cyclops (D:8)
  Jeremiah (D:7)
  A wyvern (D:8)
  2 water moccasins
  3 orc warriors
  An ice beast (D:6)
  4 sky beasts
  2 ogres
  A centaur (D:6)
  A phantom (D:5)
  A crocodile (Sewer)
  A kobold brigand (D:8)
  4 bullfrogs (D:7)
  A scorpion (D:5)
  5 water moccasin zombies (Ossuary)
  12 wights (D:8)
  A burial acolyte (Ossuary)
  A howler monkey (D:8)
  A bombardier beetle (D:3)
  A jelly (D:8)
  4 orc priests
  4 hounds
  A spectral scorpion (Ossuary)
  A gnoll bouda (D:4)
  2 sleepcaps
  An iguana (D:5)
  7 orc wizards
  Natasha (thrice) (D:4)
  Ijyb (D:4)
  A crocodile zombie (Ossuary)
  2 mummies (Ossuary)
  10 adders
  5 gnolls (D:4)
  3 white imps
  3 adder zombies (Ossuary)
  3 dart slugs
  2 ribbon worms
  26 orcs
  10 ball pythons
  4 endoplasms
  6 giant cockroaches
  8 gnoll zombies (Ossuary)
  6 goblins
  6 hobgoblins
  13 jackals
  16 kobolds
  4 quokkas
  8 bats
  3 frilled lizards
  6 jackal zombies (Ossuary)
  3 orc zombies (Ossuary)
  3 rats
220 creatures vanquished.

Notes
Turn   | Place    | Note
-------+----------+-------------------------------------------
     0 | D:1      | miscthings the Coglin Alchemist began the quest for the
                  | Orb.
     0 | D:1      | Reached XP level 1. HP: 13/13 MP: 3/3
   175 | D:1      | Reached skill level 1 in Conjurations
   195 | D:1      | Reached XP level 2. HP: 19/19 MP: 0/4
   395 | D:1      | Reached XP level 3. HP: 24/24 MP: 3/6
   398 | D:1      | Learned a level 2 spell: Mercury Vapours
   402 | D:1      | Learned a level 3 spell: Mephitic Cloud
   420 | D:1      | Reached skill level 4 in Alchemy
   677 | D:1      | Found a faded altar of an unknown god.
  1314 | D:2      | Identified the +0 spear of Hempej {flame, rN+}
  1468 | D:2      | Reached XP level 4. HP: 30/30 MP: 3/7
  1722 | D:4      | Noticed Natasha
  1817 | D:4      | Found a glowing drain.
  1861 | Sewer    | Entered a sewer
  1970 | Sewer    | Noticed a crocodile
  1997 | Sewer    | Killed a crocodile
  1998 | Sewer    | Reached skill level 5 in Alchemy
  1998 | Sewer    | Reached XP level 5. HP: 35/35 MP: 3/9
  2135 | D:5      | Entered Level 5 of the Dungeon
  2160 | D:5      | Noticed an ogre
  2174 | D:5      | Killed an ogre
  2175 | D:5      | Reached XP level 6. HP: 41/41 MP: 1/10
  2444 | D:5      | Reached skill level 6 in Alchemy
  2820 | D:5      | Reached XP level 7. HP: 40/46 MP: 7/12
  2989 | D:5      | Reached skill level 7 in Alchemy
  3090 | D:5      | Found a staircase to the Ecumenical Temple.
  3100 | Temple   | Entered the Ecumenical Temple
  3109 | Temple   | Became a worshipper of Gozag Ym Sagoz the Greedy
  3474 | D:6      | Got the Tome of the Shore
  3480 | D:6      | Learned a level 4 spell: Olgreb's Toxic Radiance
  3482 | D:6      | Found Yguhuk's Antique Weapon Shoppe.
  3494 | D:6      | Reached XP level 8. HP: 48/52 MP: 4/14
  3516 | D:6      | Bought a warped sling for 175 gold pieces
  3516 | D:6      | Identified the +3 sling "Goblin's Curse" {freeze, rN+
                  | Stlth+} (You bought it in a shop on level 6 of the Dungeon)
  3662 | D:6      | Reached skill level 8 in Alchemy
  4295 | D:4      | Noticed Ijyb
  4302 | D:4      | Killed Ijyb
  4387 | D:4      | Found a sparkling altar of Nemelex Xobeh.
  4497 | D:4      | Killed Natasha
  4569 | D:4      | Reached skill level 1 in Air Magic
  4952 | D:4      | Noticed Natasha
  4957 | D:4      | Killed Natasha
  4958 | D:4      | Reached skill level 9 in Alchemy
  4988 | D:4      | Noticed Natasha
  4992 | D:4      | Killed Natasha
  5073 | D:6      | Bought an encrusted sling for 175 gold pieces
  5073 | D:6      | Identified the +5 sling of Evolution {elec, Int+5 Stlth+}
                  | (You bought it in a shop on level 6 of the Dungeon)
  5103 | D:7      | Reached XP level 9. HP: 57/57 MP: 11/16
  5105 | D:7      | Reached skill level 5 in Conjurations
  5143 | D:7      | Found a shadowy altar of Dithmenos.
  5160 | D:7      | Reached skill level 5 in Spellcasting
  5176 | D:7      | Found a sand-covered staircase.
  5184 | Ossuary  | Entered an ossuary
  5190 | Ossuary  | Learned a level 4 spell: Sticky Flame
  5234 | Ossuary  | Reached skill level 10 in Alchemy
  5276 | Ossuary  | Reached skill level 1 in Ranged Weapons
  5453 | D:7      | Gained mutation: You have hidden genetic defects. [potion
                  | of mutation]
  5453 | D:7      | Gained mutation: You have a pair of small horns on your
                  | head. [potion of mutation]
  5453 | D:7      | Gained mutation: You possess an exceptional clarity of
                  | mind. [potion of mutation]
  5505 | D:7      | Found a broken altar of Ashenzari.
  5522 | D:7      | Noticed Jeremiah
  5532 | D:7      | Killed Jeremiah
  5544 | D:7      | Found a blossoming altar of Fedhas.
  5562 | D:7      | Gained mutation: Your spells are a little easier to cast,
                  | but a little less powerful. [hidden defects]
  5786 | D:7      | Reached skill level 5 in Ranged Weapons
  5825 | D:7      | Identified the +5 ring mail "Ridwith" {rC+ Dex+3}
  6009 | D:8      | Reached XP level 10. HP: 54/63 MP: 17/17
  6018 | D:8      | Gained mutation: You occasionally lose the ability to drink
                  | potions when taking damage. [hidden defects]
  6018 | D:8      | Lost mutation: You have hidden genetic defects. [hidden
                  | defects expressed]
  6245 | D:8      | Noticed a cyclops
  6277 | D:8      | Killed a cyclops
  6725 | D:8      | Identified the +9 dagger "Nioxzuf" {heavy, rCorr Dex+5
                  | Stlth-}
  6945 | D:9      | HP: 1/63 [troll (11)]
  6945 | D:9      | Mangled by a troll

Illustrated notes

Levels and vault maps discovered:
D:1:      nzn_arrival_depleted_hourglass, layout_basic,
          shapermc_ecumenical_altar_pompeii
D:2:      layout_loops_cross, chequers_big_river, nrook_campfire, chequers_jeans
D:3:      layout_rooms
D:4:      layout_rooms, nemelex_spade_bored_becter, gup_sewer_entry_pipe,
          uniq_natasha, uniq_ijyb
D:5:      layout_loops_corners, minmay_temple_entry_poolview
D:6:      layout_rooms, serial_shops, nicolae_shop_dealshenge,
          nicolae_eternal_life
D:7:      layout_rooms, mainiacjoe_overflow_large_starburst,
          mainiacjoe_overflow_small_starburst,
          lightli_ossuary_entry_decrepit_ruins, nicolae_underground_beach,
          uniq_jeremiah
D:8:      layout_basic
D:9:      layout_roguey, lemuel_crystal_altar, enter_bailey_2, uniq_gastronok,
          uniq_erolcha
Temple:   sentei_temple_godly_chess

Skill      XL: |  1  2  3  4  5  6  7  8  9 10 |
---------------+-------------------------------+-----
Conjurations   | 1 2 3 4 5 |  5.0
Spellcasting   | 2 3 4 5 |  5.0
Alchemy        | 4 5 6 7 9 10 | 10.0
Air Magic      | 1 2 |  2.0
Ranged Weapons | 6 8 |  8.3
Dodging        | |  1.7
Stealth        | |  1.5

Action                     |  1- 3 |  4- 6 |  7- 9 | 10-12 || total
---------------------------+-------+-------+-------+-------++-------
  Melee: Dagger            |    66 |   132 |    48 |       ||   246
         Unarmed           |     2 |       |       |       ||     2
   Fire: Sling             |       |       |   393 |   132 ||   525
   Cast: Sting             |    53 |    51 |    66 |     3 ||   173
         Mephitic Cloud    |       |     4 |     6 |     3 ||    13
         Mercury Vapours   |       |     1 |       |       ||     1
         Olgreb's Toxic Ra |       |       |    12 |     1 ||    13
         Sticky Flame      |       |       |     4 |       ||     4
  Evoke: Wand              |       |     1 |     3 |       ||     4
    Use: Scroll            |       |    11 |     6 |       ||    17
         Potion            |       |       |     1 |       ||     1
   Stab: Confused          |       |     2 |     4 |       ||     6
         Sleeping          |       |       |     1 |       ||     1
 Armour: Robe              |    29 |    55 |    69 |       ||   153
         Ring mail         |       |       |     3 |    24 ||    27
  Dodge: Dodged            |    30 |    94 |    69 |    12 ||   205

Table legend: (Time is in decaauts)
 A = Elapsed time spent in this place.
 B = Non-inter-level travel time spent in this place.
 C = Inter-level travel time spent in this place.
 D = Time resting spent in this place.
 E = Time spent auto-exploring this place.
 F = Levels seen in this place.
 G = Mean time per level.
                   A        B        C        D        E       F      G
               +--------+--------+--------+--------+--------+-----+--------+
         Total |   7068 |   6689 |    379 |    735 |   4060 |  12 |  589.0 |
       Dungeon |   6520 |   6150 |    370 |    591 |   3960 |   9 |  724.4 |
        Temple |     18 |      9 |      9 |      0 |      0 |   1 |   18.0 |
         Sewer |    249 |    249 |      0 |     65 |     38 |   1 |  249.0 |
       Ossuary |    280 |    280 |      0 |     79 |     62 |   1 |  280.0 |
               +--------+--------+--------+--------+--------+-----+--------+

Top non-repeatable levels by time:
     D:5: 1368 daAuts
     D:8: 981 daAuts
     D:1: 882 daAuts
     D:6: 799 daAuts
     D:2: 777 daAuts
     D:7: 649 daAuts
     D:4: 638 daAuts
     D:3: 418 daAuts
 Ossuary: 280 daAuts
   Sewer: 249 daAuts
  Temple: 18 daAuts
     D:9: 6 daAuts
